NCAA
SOUTH FLORIDA BULLS @ UTAH UTES
05/20/2023
 
TOP OF THE 1ST
South Florida Bulls batting - Pitching for Utah Utes : RHP Dave Owens
Pitching: RHP Dave Owens
Batting: LHB Bob Jacobs 0-0: Ball
1-0: Foul Ball, location: 2F
1-1: Ball
2-1: Swinging Strike
2-2: Ball
3-2: Fly out, F9 (Flyball, 9M)
Batting: RHB Jon Krohne 0-0: Ball
1-0: Reached on error, E6 (Groundball, 6)
Batting: SHB Tex White 0-0: Ball
1-0: Ground out U3 (Groundball, 3S)
Jon Krohne to second
Batting: RHB Mark Parker 0-0: Ball
1-0: Foul Ball, location: 2F
1-1: Called Strike
1-2: Ball
2-2: Ball
3-2: Strikes out looking
Top of the 1st over - 0 run(s), 0 hit(s), 1 error(s), 1 left on base; South Florida 0 - Utah 0
BOTTOM OF THE 1ST
Utah Utes batting - Pitching for South Florida Bulls : RHP Curtis Adams
Pitching: RHP Curtis Adams
Batting: LHB Phil Cantrell 0-0: SINGLE (Flyball, 6MD)
Batting: RHB Hunter Plunket 0-0: Called Strike
0-1: Called Strike
0-2: Ball
1-2: Foul Ball, location: 2F
1-2: Ball
2-2: Fly out, F4 (Popup, 4D)
Batting: LHB Felipe Valino 0-0: Ball
1-0: Ball
2-0: Called Strike
2-1: Ball
3-1: Base on Balls
Phil Cantrell to second
Batting: LHB Max Hoskins 0-0: Called Strike
Balk!
Phil Cantrell to third
Felipe Valino to second
0-1: Called Strike
0-2: Foul Ball, location: 2F
0-2: Ball
1-2: Foul Ball, location: 2F
1-2: Strikes out swinging
Batting: RHB Octávio Marín 0-0: Ball
1-0: Ball
2-0: Swinging Strike
2-1: Swinging Strike
2-2: SINGLE (Groundball, 6M)
Phil Cantrell scores
Felipe Valino to third
Runner from 3rd tries for Home, SAFE, no throw or cutoff
Batting: LHB William Butler 0-0: SINGLE (Line Drive, 78S)
Octávio Marín to second
Batting: RHB Roy Baker 0-0: Called Strike
0-1: Ball
1-1: Foul Ball, location: 2F
1-2: SINGLE (Line Drive, 9S)
Octávio Marín to third
William Butler to second
Batting: SHB George Wilder 0-0: Swinging Strike
0-1: SINGLE (Groundball, 34D)
Octávio Marín scores
William Butler to third
Roy Baker to second
Runner from 3rd tries for Home, SAFE, no throw or cutoff
Batting: RHB Todd Oliver 0-0: Swinging Strike
0-1: Swinging Strike
0-2: Ball
1-2: Strikes out swinging
Bottom of the 1st over - 4 run(s), 5 hit(s), 0 error(s), 2 left on base; South Florida 0 - Utah 4
TOP OF THE 2ND
South Florida Bulls batting - Pitching for Utah Utes : RHP Dave Owens
Batting: SHB Roberto Torres 0-0: Ball
1-0: Ball
2-0: Ball
3-0: Base on Balls
Batting: RHB Danny Olson 0-0: Ball
1-0: Called Strike
Roberto Torres steals 2nd base
1-1: Fly out, F8 (Flyball, 78M)
Batting: RHB Christian Mason 0-0: Ball
1-0: Called Strike
Roberto Torres steals 3rd base
1-1: Called Strike
1-2: Foul Ball, location: 2F
1-2: Foul Ball, location: 2F
1-2: Fly out, F4 (Popup, 4)
Batting: RHB Rafael Martínez 0-0: Fly out, F7 (Flyball, 78S)
Top of the 2nd over - 0 run(s), 0 hit(s), 0 error(s), 1 left on base; South Florida 0 - Utah 4
BOTTOM OF THE 2ND
Utah Utes batting - Pitching for South Florida Bulls : RHP Curtis Adams
Batting: LHB Phil Cantrell 0-0: Called Strike
0-1: Foul Ball, location: 2F
0-2: Strikes out swinging
Batting: RHB Hunter Plunket 0-0: Ball
1-0: Ball
2-0: Called Strike
2-1: Foul Ball, location: 2F
2-2: Foul Ball, location: 2F
2-2: Ball
3-2: Strikes out looking
Batting: LHB Felipe Valino 0-0: Foul Ball, location: 2F
0-1: Ball
1-1: Ground out 5-3 (Groundball, 56S)
Bottom of the 2nd over - 0 run(s), 0 hit(s), 0 error(s), 0 left on base; South Florida 0 - Utah 4
TOP OF THE 3RD
South Florida Bulls batting - Pitching for Utah Utes : RHP Dave Owens
Batting: RHB Doug Jones 0-0: SINGLE (Groundball, 15) (infield hit)
Batting: LHB Bob Jacobs 0-0: Called Strike
0-1: Called Strike
0-2: Reached on Error, E8 (Flyball, 8RS)
Doug Jones to second
Batting: RHB Jon Krohne 0-0: Ball
1-0: Ball
2-0: Called Strike
2-1: Called Strike
2-2: Ball
3-2: Grounds into double play, 5-4-3 (Groundball, 5)
Doug Jones to third
Batting: SHB Tex White 0-0: Swinging Strike
0-1: Swinging Strike
0-2: SINGLE (Line Drive, 9LS)
Doug Jones scores
Batting: RHB Mark Parker 0-0: Called Strike
0-1: Called Strike
0-2: Ball
1-2: Ball
2-2: Foul Ball, location: 2F
2-2: Ground out 6-3 (Groundball, 6)
Top of the 3rd over - 1 run(s), 2 hit(s), 1 error(s), 1 left on base; South Florida 1 - Utah 4
BOTTOM OF THE 3RD
Utah Utes batting - Pitching for South Florida Bulls : RHP Curtis Adams
Batting: LHB Max Hoskins 0-0: SINGLE (Line Drive, 6M)
Batting: RHB Octávio Marín 0-0: Ball
1-0: Foul Ball, location: 2F
1-1: Ball
2-1: Ball
3-1: Base on Balls
Max Hoskins to second
Batting: LHB William Butler 0-0: Foul Ball, location: 2F
0-1: Ball
1-1: Swinging Strike
1-2: Strikes out swinging
Batting: RHB Roy Baker 0-0: Ball
1-0: Swinging Strike
1-1: Foul Ball, location: 2F
1-2: Strikes out swinging
Batting: SHB George Wilder 0-0: SINGLE (Groundball, 4MD)
Max Hoskins to third
Octávio Marín to second
Runner from 3rd tries for Home, SAFE, no throw or cutoff
Batting: RHB Todd Oliver 0-0: Called Strike
0-1: Ball
1-1: Ball
2-1: Swinging Strike
2-2: Ball
3-2: Base on Balls
Octávio Marín to third
George Wilder to second
Batting: LHB Phil Cantrell 0-0: Foul Ball, location: 2F
0-1: Swinging Strike
0-2: Ball
1-2: Ball
2-2: Foul Ball, location: 2F
2-2: Strikes out swinging
Bottom of the 3rd over - 1 run(s), 2 hit(s), 0 error(s), 3 left on base; South Florida 1 - Utah 5
TOP OF THE 4TH
South Florida Bulls batting - Pitching for Utah Utes : RHP Dave Owens
Batting: SHB Roberto Torres 0-0: Ball
1-0: Foul Ball, location: 2F
1-1: Swinging Strike
1-2: Hit by Pitch
Batting: RHB Danny Olson 0-0: Called Strike
0-1: Foul Ball, location: 2F
0-2: Ball
1-2: Strikes out looking
Batting: RHB Christian Mason 0-0: Ball
1-0: 2-RUN HOME RUN (Flyball, 7D), Distance : 406 ft
Batting: RHB Rafael Martínez 0-0: Ball
1-0: Called Strike
1-1: Ground out 6-3 (Groundball, 6)
Batting: RHB Doug Jones 0-0: Called Strike
0-1: Ball
1-1: Foul Ball, location: 2F
1-2: Foul Ball, location: 2F
1-2: Foul Ball, location: 2F
1-2: Ball
2-2: Strikes out swinging
Top of the 4th over - 2 run(s), 1 hit(s), 0 error(s), 0 left on base; South Florida 3 - Utah 5
BOTTOM OF THE 4TH
Utah Utes batting - Pitching for South Florida Bulls : RHP Curtis Adams
Batting: RHB Hunter Plunket 0-0: Called Strike
0-1: SINGLE (Line Drive, 3)
Batting: LHB Felipe Valino 0-0: Called Strike
0-1: Ball
1-1: Called Strike
1-2: Strikes out swinging
Pitching: RHP Kenny McFarland
Batting: LHB Max Hoskins 0-0: Ball
1-0: Fly out, F6 (Popup, 4MD)
Batting: RHB Octávio Marín 0-0: Foul Ball, location: 2F
0-1: Swinging Strike
0-2: Ball
1-2: Ball
2-2: Strikes out swinging
Bottom of the 4th over - 0 run(s), 1 hit(s), 0 error(s), 1 left on base; South Florida 3 - Utah 5
TOP OF THE 5TH
South Florida Bulls batting - Pitching for Utah Utes : RHP Dave Owens
Batting: LHB Bob Jacobs 0-0: Ball
1-0: Fly out, F8 (Flyball, 8RS)
Batting: RHB Jon Krohne 0-0: Ball
1-0: Called Strike
1-1: SINGLE (Line Drive, 4M)
Batting: SHB Tex White 0-0: Ball
1-0: Called Strike
1-1: Ball
2-1: Foul Ball, location: 2F
2-2: Fly out, F7 (Flyball, 7M)
Batting: RHB Mark Parker 0-0: Called Strike
0-1: Called Strike
0-2: Foul Ball, location: 2F
0-2: Ground out 4-3 (Groundball, 4)
Top of the 5th over - 0 run(s), 1 hit(s), 0 error(s), 1 left on base; South Florida 3 - Utah 5
BOTTOM OF THE 5TH
Utah Utes batting - Pitching for South Florida Bulls : RHP Kenny McFarland
Batting: LHB William Butler 0-0: Ball
1-0: Fly out, F2 (Popup, 2RF)
Batting: RHB Roy Baker 0-0: Ball
1-0: DOUBLE (Line Drive, 7LM)
Batting: SHB George Wilder 0-0: Called Strike
0-1: SINGLE (Groundball, 25) (infield hit)
Roy Baker to third
Batting: RHB Todd Oliver 0-0: Called Strike
0-1: SINGLE (Groundball, 6MD)
Roy Baker scores
George Wilder to second
Batting: LHB Phil Cantrell 0-0: Called Strike
0-1: Ball
1-1: Swinging Strike
1-2: Strikes out looking
Batting: RHB Hunter Plunket 0-0: Ball
1-0: Ball
2-0: Ball
3-0: Called Strike
3-1: Base on Balls
George Wilder to third
Todd Oliver to second
Batting: LHB Felipe Valino 0-0: Called Strike
0-1: Foul Ball, location: 2F
0-2: Ball
1-2: SINGLE (Line Drive, 34D)
George Wilder scores
Todd Oliver to third
Hunter Plunket to second
Runner from 3rd tries for Home, SAFE, no throw or cutoff
Batting: LHB Max Hoskins 0-0: Ball
1-0: Foul Ball, location: 2F
1-1: Ball
2-1: Ball
3-1: Base on Balls
Hunter Plunket to third
Felipe Valino to second
Batting: RHB Octávio Marín 0-0: Called Strike
0-1: Swinging Strike
0-2: Ball
1-2: Ball
2-2: Ball
3-2: Base on Balls
Hunter Plunket scores
Felipe Valino to third
Max Hoskins to second
Pitching: RHP Carson Branton
Batting: LHB William Butler 0-0: Foul Ball, location: 2F
0-1: Fly out, F7 (Flyball, 7S)
Bottom of the 5th over - 4 run(s), 4 hit(s), 0 error(s), 3 left on base; South Florida 3 - Utah 9
TOP OF THE 6TH
South Florida Bulls batting - Pitching for Utah Utes : RHP Dave Owens
Pitching: RHP John Riggs
Batting: SHB Roberto Torres 0-0: Ball
1-0: Ball
2-0: Foul Ball, location: 2F
2-1: Foul Ball, location: 2F
2-2: Strikes out swinging
Batting: RHB Danny Olson 0-0: Ball
1-0: Ground out 6-3 (Groundball, 6)
Batting: RHB Christian Mason 0-0: Called Strike
0-1: Ball
1-1: Ball
2-1: Foul Ball, location: 2F
2-2: Foul Ball, location: 2F
2-2: Ball
3-2: Strikes out swinging
Top of the 6th over - 0 run(s), 0 hit(s), 0 error(s), 0 left on base; South Florida 3 - Utah 9
BOTTOM OF THE 6TH
Utah Utes batting - Pitching for South Florida Bulls : RHP Carson Branton
Batting: RHB Roy Baker 0-0: Ball
1-0: Foul Ball, location: 2F
1-1: Ball
2-1: Ground out 5-3 (Groundball, 56S)
Batting: SHB George Wilder 0-0: Fly out, F7 (Flyball, 7S)
Batting: RHB Todd Oliver 0-0: Ground out 6-3 (Groundball, 6M)
Bottom of the 6th over - 0 run(s), 0 hit(s), 0 error(s), 0 left on base; South Florida 3 - Utah 9
TOP OF THE 7TH
South Florida Bulls batting - Pitching for Utah Utes : RHP John Riggs
Batting: RHB Rafael Martínez 0-0: Ball
1-0: Foul Ball, location: 2F
1-1: SINGLE (Groundball, 6D)
Batting: RHB Doug Jones 0-0: Ball
1-0: SINGLE (Groundball, 13) (infield hit)
Rafael Martínez to second
Batting: LHB Bob Jacobs 0-0: Swinging Strike
0-1: Ball
1-1: Ball
2-1: Ball
3-1: Grounds into double play, 4-6-3 (Groundball, 4)
Rafael Martínez to third
Batting: RHB Jon Krohne 0-0: Ball
1-0: Ball
2-0: Swinging Strike
2-1: Foul Ball, location: 2F
2-2: Ball
3-2: Foul Ball, location: 2F
3-2: Strikes out swinging
Top of the 7th over - 0 run(s), 2 hit(s), 0 error(s), 1 left on base; South Florida 3 - Utah 9
BOTTOM OF THE 7TH
Utah Utes batting - Pitching for South Florida Bulls : RHP Carson Branton
Batting: LHB Phil Cantrell 0-0: Ball
1-0: Called Strike
1-1: Ball
2-1: Swinging Strike
2-2: Ball
3-2: Base on Balls
Batting: RHB Hunter Plunket 0-0: Reached on error, E5 (Groundball, 5S)
Phil Cantrell to second
Batting: LHB Felipe Valino 0-0: Ball
1-0: Foul Ball, location: 2F
1-1: Fly out, F5 (Popup, 5L)
Batting: LHB Max Hoskins 0-0: Swinging Strike
0-1: Ball
1-1: Foul Ball, location: 2F
1-2: Ball
2-2: SINGLE (Groundball, 56D)
Phil Cantrell to third
Hunter Plunket to second
Batting: RHB Octávio Marín 0-0: Fly out, F3 (Popup, 3F)
Batting: LHB William Butler 0-0: Ball
1-0: Called Strike
1-1: Swinging Strike
1-2: Foul Ball, location: 2F
1-2: Strikes out looking
Bottom of the 7th over - 0 run(s), 1 hit(s), 1 error(s), 3 left on base; South Florida 3 - Utah 9
TOP OF THE 8TH
South Florida Bulls batting - Pitching for Utah Utes : RHP John Riggs
Pitching: RHP Joe King
Now in LF: Leon Heath
Batting: SHB Tex White 0-0: Foul Ball, location: 2F
0-1: Fly out, F8 (Flyball, 8LM)
Batting: RHB Mark Parker 0-0: Called Strike
0-1: Swinging Strike
0-2: Strikes out swinging
Batting: SHB Roberto Torres 0-0: Called Strike
0-1: Ball
1-1: Called Strike
1-2: SINGLE (Line Drive, 3D)
Batting: RHB Danny Olson 0-0: Foul Ball, location: 2F
0-1: Ball
1-1: Ball
2-1: Foul Ball, location: 2F
2-2: Strikes out swinging
Top of the 8th over - 0 run(s), 1 hit(s), 0 error(s), 1 left on base; South Florida 3 - Utah 9
BOTTOM OF THE 8TH
Utah Utes batting - Pitching for South Florida Bulls : RHP Carson Branton
Pitching: RHP Dave O'Mooney
Batting: RHB Roy Baker 0-0: Ball
1-0: Ball
2-0: Ball
3-0: Foul Ball, location: 2F
3-1: Base on Balls
Batting: SHB George Wilder 0-0: Ball
1-0: Ball
2-0: Called Strike
2-1: Swinging Strike
2-2: Ball
3-2: Strikes out looking
Batting: RHB Todd Oliver 0-0: Ball
1-0: Ball
2-0: Called Strike
2-1: Foul Ball, location: 2F
2-2: Foul Ball, location: 2F
2-2: Ball
3-2: Strikes out swinging
Batting: LHB Phil Cantrell 0-0: Foul Ball, location: 2F
0-1: Foul Ball, location: 2F
0-2: Strikes out swinging
Bottom of the 8th over - 0 run(s), 0 hit(s), 0 error(s), 1 left on base; South Florida 3 - Utah 9
TOP OF THE 9TH
South Florida Bulls batting - Pitching for Utah Utes : RHP Joe King
Now at 2B: Lewis Woods
Batting: RHB Christian Mason 0-0: Called Strike
0-1: Ground out 5-3 (Groundball, 56)
Batting: RHB Rafael Martínez 0-0: Swinging Strike
0-1: Ball
1-1: Ball
2-1: Foul Ball, location: 2F
2-2: Ball
3-2: Strikes out swinging
Batting: RHB Doug Jones 0-0: Fly out, F8 (Flyball, 8RM)
Top of the 9th over - 0 run(s), 0 hit(s), 0 error(s), 0 left on base; South Florida 3 - Utah 9
This league is powered by Out of the Park Baseball, the baseball management simulation game for PC, Mac and Linux
Wednesday, December 2nd, 2015 - OOTP Baseball 16.8 Build 38